[Event "2nd Namma Bengaluru Open-B 2025"]
[Site "Bengaluru"]
[Date "2025.04.10"]
[Round "1.1"]
[White "Aditya Trehan"]
[Black "Nayak, Biswajit"]
[Result "0-1"]
[Annotator "NA"]
[ECO "B23"]
[WhiteElo "1575"]
[BlackElo "1979"]
[PlyCount "104"]
[EventDate "2025.04.10"]
[EventType "swiss"]
[EventCountry "IND"]
[SourceTitle "playchess.com"]
[Source "ChessBase"]
[SourceQuality "1"]
[TimeControl "3600+30"]

1. e4 c5 2. Nc3 a6 3. f4 e6 4. Nf3 d5 5. d3 Nf6 6. e5 Nfd7 7. Be2 b5 8. a3 Nc6 9. O-O Be7 10. Kh1 Rb8 11. Bd2 O-O 12. Na2 d4 13. b4 Bb7 14. bxc5 Bxc5 15. Bb4 a5 16. Bxc5 Nxc5 17. Rb1 Ba8 18. Nd2 Ne7 19. Bf3 Nd5 20. Qc1 Ne3 21. Rf2 Bd5 22. Bxd5 Qxd5 23. Nb3 Rbc8 24. Qb2 Nxb3 25. Qxb3 Qxb3 26. cxb3 f6 27. exf6 gxf6 28. Rc1 Kf7 29. h3 Ke7 30. Re2 Rxc1+ 31. Nxc1 Rc8 32. Na2 Kd6 33. Kg1 e5 34. fxe5+ fxe5 35. Rd2 Rf8 36. Rf2 Rc8 37. Rd2 Kd5 38. g3 Rg8 39. Kf2 Rf8+ 40. Ke2 Rf1 41. h4 h5 42. b4 a4 43. Rb2 e4 44. dxe4+ Kxe4 45. Rd2 Rg1 46. Kf2 Rg2+ 47. Ke1 Rxg3 48. Rf2 Rg1+ 49. Ke2 Ra1 50. Rf1 d3+ 51. Kd2 Rxa2+ 52. Kc3 Rc2# 0-1

[Event "2nd Namma Bengaluru Open-B 2025"]
[Site "Bengaluru"]
[Date "2025.04.10"]
[Round "1.2"]
[White "Prashanth J Naik"]
[Black "Gadde Kaarthika"]
[Result "1-0"]
[Annotator "NA"]
[ECO "A58"]
[WhiteElo "1979"]
[BlackElo "1575"]
[PlyCount "71"]
[EventDate "2025.04.10"]
[EventType "swiss"]
[EventCountry "IND"]
[SourceTitle "playchess.com"]
[Source "ChessBase"]
[SourceQuality "1"]
[TimeControl "3600+30"]

1. d4 Nf6 2. c4 c5 3. d5 b5 4. cxb5 a6 5. bxa6 Bxa6 6. Nc3 g6 7. e4 d6 8. Bxa6 Nxa6 9. f4 Nb4 10. Nf3 c4 11. O-O Nd3 12. Qe2 Bg7 13. Kh1 O-O 14. Be3 Ng4 15. Bd4 Nf6 16. Ne1 Qb8 17. Nxd3 cxd3 18. Qxd3 Qxb2 19. a4 Qb7 20. Rfb1 Qa6 21. Nb5 Rfb8 22. h3 Qc8 23. Rc1 Qd8 24. Na7 Qd7 25. Nc6 Rc8 26. a5 Ne8 27. Rab1 Nc7 28. Rb7 Qe8 29. Bb6 Na6 30. Nxe7+ Kh8 31. Rxc8 Rxc8 32. Qxa6 Rc1+ 33. Kh2 Bh6 34. Bd4+ Bg7 35. Qb6 h6 36. Rb8 1-0

[Event "2nd Namma Bengaluru Open-B 2025"]
[Site "Bengaluru"]
[Date "2025.04.10"]
[Round "1.3"]
[White "Himamshu Shrivastav P"]
[Black "Chakravarti, K.."]
[Result "0-1"]
[Annotator "NA"]
[ECO "A52"]
[WhiteElo "1574"]
[BlackElo "1930"]
[PlyCount "78"]
[EventDate "2025.04.10"]
[EventType "swiss"]
[EventCountry "IND"]
[SourceTitle "playchess.com"]
[Source "ChessBase"]
[SourceQuality "1"]
[TimeControl "3600+30"]

1. d4 Nf6 2. c4 e5 3. dxe5 Ng4 4. Nf3 Bc5 5. e3 Nc6 6. Bd2 Ngxe5 7. Nxe5 Nxe5 8. Bc3 Qe7 9. Nd2 O-O 10. Nf3 Ng4 11. Qc2 Bxe3 12. fxe3 Nxe3 13. Qe2 Re8 14. Kf2 Ng4+ 15. Ke1 Qf8 16. Ne5 Nxe5 17. Kd2 d6 18. h3 g6 19. Re1 Qh6+ 20. Kc2 Bf5+ 21. Kb3 b5 22. cxb5 a6 23. g4 Be6+ 24. Kc2 axb5 25. Bg2 Bc4 26. Qd2 Qxd2+ 27. Kxd2 Rxa2 28. Bxe5 Rxe5 29. Rxe5 dxe5 30. Kc3 Kf8 31. Rd1 Be6 32. Rd8+ Ke7 33. Rh8 c5 34. Rxh7 b4+ 35. Kc2 c4 36. Kc1 c3 37. Be4 Rxb2 38. Bxg6 Rh2 39. Bf5 b3 0-1

[Event "2nd Namma Bengaluru Open-B 2025"]
[Site "Bengaluru"]
[Date "2025.04.10"]
[Round "1.4"]
[White "Anurag, Jaiswal"]
[Black "Naresh Kumar Davuluri"]
[Result "1-0"]
[Annotator "NA"]
[ECO "E05"]
[WhiteElo "1923"]
[BlackElo "1574"]
[PlyCount "115"]
[EventDate "2025.04.10"]
[EventType "swiss"]
[EventCountry "IND"]
[SourceTitle "playchess.com"]
[Source "ChessBase"]
[SourceQuality "1"]
[TimeControl "3600+30"]

1. d4 d5 2. c4 e6 3. Nf3 Be7 4. g3 Nf6 5. Bg2 O-O 6. O-O dxc4 7. Qc2 Nc6 8. e3 Na5 9. Ne5 c5 10. dxc5 Qc7 11. Nxc4 Qxc5 12. Nba3 Rb8 13. Bd2 Nxc4 14. Qxc4 Qxc4 15. Nxc4 Bd7 16. Ne5 Bb5 17. Rfc1 Bd6 18. Nc4 Be7 19. a4 Bxc4 20. Rxc4 Rfd8 21. Be1 Rd7 22. Bf3 Rbd8 23. Rac1 b6 24. Rc8 Rxc8 25. Rxc8+ Rd8 26. Rc4 h6 27. Kf1 a5 28. Rc6 Rd6 29. Rc8+ Rd8 30. Rxd8+ Bxd8 31. Ke2 Kf8 32. Kd3 Ke7 33. Kc4 Kd6 34. Bc3 g6 35. Kb5 Nd7 36. h4 h5 37. Bg2 e5 38. f4 exf4 39. exf4 Kc7 40. Bd4 Bf6 41. Bf2 Be7 42. Bd5 f6 43. Bf7 g5 44. Bxh5 Nc5 45. Bg6 gxh4 46. gxh4 Nd7 47. Bf5 Nc5 48. h5 Bf8 49. Bd4 Bh6 50. Bxc5 bxc5 51. Kxa5 Bxf4 52. b3 Kd6 53. Kb5 Ke5 54. Bh3 Kd4 55. a5 Kc3 56. a6 Bb8 57. h6 Kxb3 58. h7 1-0

[Event "2nd Namma Bengaluru Open-B 2025"]
[Site "Bengaluru"]
[Date "2025.04.10"]
[Round "1.5"]
[White "Sanchit P Sugur"]
[Black "Afreed T Khan"]
[Result "0-1"]
[Annotator "NA"]
[ECO "C54"]
[WhiteElo "1574"]
[BlackElo "1921"]
[PlyCount "118"]
[EventDate "2025.04.10"]
[EventType "swiss"]
[EventCountry "IND"]
[SourceTitle "playchess.com"]
[Source "ChessBase"]
[SourceQuality "1"]
[TimeControl "3600+30"]

1. e4 e5 2. Nf3 Nc6 3. Bc4 Nf6 4. d3 Bc5 5. c3 a5 6. a4 d6 7. h3 h6 8. Nbd2 O-O 9. O-O Bb6 10. Re1 Nh5 11. Nf1 Qf6 12. Be3 Bxe3 13. Nxe3 Nf4 14. Nd5 Nxd5 15. Bxd5 Ne7 16. Bb3 Ng6 17. Nh2 Nf4 18. Qf3 Kh8 19. Rad1 Be6 20. Bc2 Qg5 21. Kh1 f5 22. Qg3 Qxg3 23. fxg3 Nh5 24. Re3 fxe4 25. dxe4 Rf2 26. Rc1 Raf8 27. Bd1 g6 28. Bxh5 gxh5 29. b4 Ra2 30. Nf3 Rxa4 31. Rb1 b6 32. bxa5 Rxa5 33. Kg1 Rfa8 34. Nh4 Ra1 35. Ree1 Rxb1 36. Rxb1 Bc4 37. Rb4 Ra1+ 38. Kf2 b5 39. Ng6+ Kh7 40. Ne7 Ra2+ 41. Kg1 Rc2 42. Nd5 c6 43. Ne7 Rc1+ 44. Kf2 c5 45. Rxc4 bxc4 46. Nd5 Rc2+ 47. Kf3 Rd2 48. Nf6+ Kg6 49. Nd5 Rd3+ 50. Kf2 Rxd5 51. exd5 Kf5 52. Ke3 e4 53. g4+ hxg4 54. hxg4+ Kxg4 55. Kxe4 h5 56. g3 Kxg3 57. Kf5 h4 58. Ke6 h3 59. Kxd6 h2 0-1

[Event "2nd Namma Bengaluru Open-B 2025"]
[Site "Bengaluru"]
[Date "2025.04.10"]
[Round "1.6"]
[White "Karthikeyan, J.."]
[Black "Bhuvana Koppineni"]
[Result "1/2-1/2"]
[Annotator "NA"]
[ECO "A01"]
[WhiteElo "1916"]
[BlackElo "1573"]
[PlyCount "150"]
[EventDate "2025.04.10"]
[EventType "swiss"]
[EventCountry "IND"]
[SourceTitle "playchess.com"]
[Source "ChessBase"]
[SourceQuality "1"]
[TimeControl "3600+30"]

1. b3 e5 2. Bb2 Nc6 3. e3 d5 4. Bb5 Bd6 5. f4 Qe7 6. Nf3 Bg4 7. h3 Bxf3 8. Qxf3 Nf6 9. fxe5 Bxe5 10. Nc3 Ne4 11. O-O-O Nxc3 12. dxc3 O-O-O 13. Rxd5 Rxd5 14. Qxd5 Rd8 15. Qf3 Qd7 16. Bd3 g6 17. Rd1 Kb8 18. g4 f6 19. Be2 Qe7 20. Rxd8+ Qxd8 21. Bd3 Qd6 22. h4 Ne7 23. h5 Nd5 24. hxg6 hxg6 25. Bxg6 Nxc3 26. Bxc3 Bxc3 27. Bd3 Qa3+ 28. Kd1 Qxa2 29. Ke2 Qb1 30. Kf2 Qe1+ 31. Kg2 Qh4 32. Bf5 a6 33. Qd5 Be5 34. Qf3 Qh2+ 35. Kf1 Qg3 36. Qxg3 Bxg3 37. Kg2 Bh4 38. Kf3 c6 39. Ke4 a5 40. Be6 Bg5 41. Kd4 c5+ 42. Ke4 Kc7 43. Kf5 Kd6 44. e4 Bh4 45. Bc4 b6 46. Bb5 Ke7 47. e5 fxe5 48. Kxe5 Bg3+ 49. Kd5 Bc7 50. Kc6 Bd8 51. Bc4 Kf8 52. Kd7 Bf6 53. Kc7 Bc3 54. Kxb6 Bb4 55. Kc6 Kg7 56. Kd5 Kf6 57. Ke4 Kg5 58. Be6 Bc3 59. Kd5 Bb4 60. Kc4 Kf4 61. Kd3 Kg5 62. c3 Ba3 63. Kc2 Kf4 64. Kb1 Kg5 65. Ka2 Bc1 66. Kb1 Ba3 67. Kc2 Kf4 68. Kd3 Bc1 69. Bc8 Kg5 70. Kc4 Bd2 71. Bd7 Kf4 72. Kd3 Be1 73. Kc4 Bd2 74. Kd3 Be1 75. Kc4 Bd2 1/2-1/2

[Event "2nd Namma Bengaluru Open-B 2025"]
[Site "Bengaluru"]
[Date "2025.04.10"]
[Round "1.8"]
[White "Chavan Nameet"]
[Black "Sri Sai Vedaansh P"]
[Result "1/2-1/2"]
[Annotator "NA"]
[ECO "C02"]
[WhiteElo "1901"]
[BlackElo "1571"]
[PlyCount "129"]
[EventDate "2025.04.10"]
[EventType "swiss"]
[EventCountry "IND"]
[SourceTitle "playchess.com"]
[Source "ChessBase"]
[SourceQuality "1"]
[TimeControl "3600+30"]

1. e4 e6 2. d4 d5 3. e5 Bd7 4. Nf3 a6 5. c3 Bb5 6. Nbd2 Bxf1 7. Nxf1 c5 8. Ng3 Nc6 9. O-O Nge7 10. h4 Qc7 11. Re1 c4 12. b4 b5 13. a4 Rb8 14. a5 g6 15. Nh2 Nf5 16. Ng4 Bg7 17. Bg5 Nce7 18. Bf6 Kd7 19. Bxg7 Nxg7 20. Ne3 Rbf8 21. Ng4 h5 22. Nf6+ Kc6 23. Qd2 Ng8 24. Re3 Nxf6 25. exf6 Nf5 26. Nxf5 gxf5 27. Rg3 Qd8 28. Re1 Qxf6 29. Rg5 Rfg8 30. Qf4 Rxg5 31. hxg5 Qg7 32. Re3 Rg8 33. Rg3 Qg6 34. Qh4 Rh8 35. Rh3 Kd7 36. Qf4 Rg8 37. Rg3 Kc6 38. Qh4 Rh8 39. Qf4 Rg8 40. Qh4 Rh8 41. Rh3 Kd7 42. Qf4 Rg8 43. Rg3 Kc6 44. Kh2 Kd7 45. Qh4 Rh8 46. Rh3 Kc6 47. f4 Qg7 48. Qe1 Kd6 49. Qe2 Ke7 50. Rxh5 Rxh5+ 51. Qxh5 Kf8 52. Kh3 Qg6 53. Qh8+ Qg8 54. Qh6+ Qg7 55. Kh4 Kg8 56. Kh5 Qh7 57. g3 Qg7 58. Qxg7+ Kxg7 59. g4 fxg4 60. Kxg4 Kg6 61. Kg3 Kf5 62. Kf3 f6 63. gxf6 Kxf6 64. Kg3 Kf5 65. Kf3 1/2-1/2

[Event "2nd Namma Bengaluru Open-B 2025"]
[Site "Bengaluru"]
[Date "2025.04.10"]
[Round "1.9"]
[White "Krithin Durai D"]
[Black "Himanshu Ranjan"]
[Result "1-0"]
[Annotator "NA"]
[ECO "E91"]
[WhiteElo "1570"]
[BlackElo "1895"]
[PlyCount "87"]
[EventDate "2025.04.10"]
[EventType "swiss"]
[EventCountry "IND"]
[SourceTitle "playchess.com"]
[Source "ChessBase"]
[SourceQuality "1"]
[TimeControl "3600+30"]

1. d4 Nf6 2. c4 g6 3. Nc3 Bg7 4. e4 d6 5. Nf3 O-O 6. Be2 Bg4 7. O-O Nfd7 8. Qb3 b6 9. Be3 Nc6 10. Rad1 Bxf3 11. Bxf3 e5 12. dxe5 dxe5 13. Ne2 Qe7 14. Qa4 Ndb8 15. Nc3 Nd4 16. Nd5 Qd8 17. Bxd4 exd4 18. e5 c6 19. Rxd4 Bxe5 20. Rdd1 a5 21. g3 cxd5 22. Bxd5 Ra7 23. Bxf7+ Raxf7 24. Rxd8 Rxd8 25. c5 bxc5 26. Qxa5 Rc8 27. Qb5 Bd4 28. Kg2 Rcf8 29. f4 Re7 30. b4 Rc8 31. Qc4+ Kh8 32. Rd1 Rec7 33. b5 Nd7 34. Kh3 Nb6 35. Qe6 Rb7 36. a4 Ra8 37. Qc6 Rbb8 38. Re1 Ra7 39. a5 Nc4 40. b6 Rxa5 41. Re8+ Rxe8 42. Qxe8+ Kg7 43. b7 Nd6 44. Qe7+ 1-0

[Event "2nd Namma Bengaluru Open-B 2025"]
[Site "Bengaluru"]
[Date "2025.04.10"]
[Round "1.10"]
[White "Saranya Devi Narahari"]
[Black "Siddhant Bharti"]
[Result "1-0"]
[Annotator "NA"]
[ECO "B52"]
[WhiteElo "1888"]
[BlackElo "1570"]
[PlyCount "46"]
[EventDate "2025.04.10"]
[EventType "swiss"]
[EventCountry "IND"]
[SourceTitle "playchess.com"]
[Source "ChessBase"]
[SourceQuality "1"]
[TimeControl "3600+30"]

1. e4 c5 2. Nf3 d6 3. Bb5+ Bd7 4. Bxd7+ Qxd7 5. O-O e6 6. Re1 Nc6 7. c3 Be7 8. d4 cxd4 9. cxd4 Nf6 10. Nc3 a6 11. d5 exd5 12. exd5 Na7 13. Qe2 Nc8 14. Nd4 O-O 15. a4 Ng4 16. h3 Ne5 17. a5 Bf6 18. Ne4 Ne7 19. Nxf6+ gxf6 20. Bh6 Rfe8 21. Qe4 f5 22. Qh4 Nxd5 23. Rxe5 Qd8 1-0